 Dungeon Crawl Stone Soup version 0.24.1-14-gf8d2b509d9 (webtiles) character file.

Game seed: 12075035886465164380, levelgen mode: deterministic

235 Jumperg the Shooter (level 5, 0/36 HPs)
             Began as a Centaur Arcane Marksman on June 19, 2020.
             Was an Initiate of Hepliaklqana.
             Slain by an orc
             ... wielding a +0 war axe
              (10 damage)
             ... on level 3 of the Dungeon on June 23, 2020.
             The game lasted 00:33:16 (3511 turns).

Jumperg the Shooter (Centaur Arcane Marksman)       Turns: 3511, Time: 00:33:16

Health: 0/36       AC:  5    Str: 12    XL:     5   Next: 76%
Magic:  8/8        EV:  9    Int: 13    God:    Hepliaklqana [......]
Gold:   87         SH:  0    Dex: 10    Spells: 6/9 levels left

rFire    . . .     SeeInvis .   b - +2 flail (protect)
rCold    . . .     Gourm    .   (no shield)
rNeg     . . .     Faith    .   e - +0 robe
rPois    .         Spirit   .   (no helmet)
rElec    .         Reflect  .   (no cloak)
rCorr    .         Harm     .   q - +0 pair of gloves
MR       .....                  (no barding)
Stlth    +.........             (no amulet)
HPRegen  0.12/turn              (no ring)
MPRegen  0.11/turn              (no ring)

@: very quick
A: large, reduced essence, hooves 3, deformed body, speed 2, tough skin 3
a: Recall Ancestor, Ancestor Identity, Renounce Religion


You were on level 3 of the Dungeon.
You worshipped Hepliaklqana.
Hepliaklqana was noncommittal.
You were very hungry.

You visited 1 branch of the dungeon, and saw 3 of its levels.

You collected 87 gold pieces.

Inventory:

Hand Weapons
 a - a +0 shortbow
 b - a +2 flail of protection (weapon)
 j - a +2 dagger of venom
 n - a +0 hand axe of electrocution
Missiles
 c - 57 sling bullets
 d - 46 arrows
 h - 94 stones (quivered)
 t - 23 bolts
Armour
 e - a +0 robe (worn)
 q - a +0 pair of gloves (worn)
Scrolls
 g - 5 scrolls of teleportation {unknown}
 m - a scroll of fear {unknown}
 o - 5 scrolls of identify {unknown}
 s - a scroll of magic mapping {unknown}
 u - a scroll of enchant armour {unknown}
 w - a scroll of blinking {unknown}
 x - a scroll of enchant weapon {unknown}
Potions
 k - 2 potions of magic {unknown}
 l - a potion of flight {unknown}
 p - a potion of curing {unknown}
 r - a potion of brilliance {unknown}
 v - 2 potions of mutation {unknown}
Comestibles
 f - 6 rations


   Skills:
 - Level 1.0 Fighting
 + Level 5.1 Bows
 - Level 1.3 Dodging
 + Level 2.5 Spellcasting
 + Level 4.1 Hexes


You had 6 spell levels left.
You knew the following spells:

 Your Spells              Type           Power        Failure   Level  Hunger
a - Corona                Hex            ##.....      4%          1    #......
b - Slow                  Hex            ##......     7%          2    ###....

Your spell library contained the following spells:

 Spells                   Type           Power        Failure   Level  Hunger
 Inner Flame              Hex/Fire       #.......     30%         3    ###....
 Portal Projectile        Hex/Tloc       #.....       30%         3    ###....
 Cause Fear               Hex            ##........   41%         4    #####..
 Leda's Liquefaction      Hex/Erth       #.........   71%         4    #####..


Dungeon Overview and Level Annotations

Branches:
Dungeon (3/15)

Altars:
Cheibriados
Elyvilon
Hepliaklqana
Qazlal
Yredelemnul


Innate Abilities, Weirdness & Mutations

You have hooves in place of feet.
Armour fits poorly on your strangely shaped body.
You cover ground very quickly.
You have extremely tough skin. (AC +3)
Your life essence is reduced to manifest your ancestor. (-10% HP)


Message History

You throw a stone.
The stone hits the rat but does no damage.
The rat bites Appius.
You swap places.
The rat bites you.
You see here a +0 club.
You barely miss the rat. You kick the rat.
You kill the rat!
You hit the orc.
Your weapon exudes an aura of protection.
Your kick misses the orc.
The orc is severely wounded.
The orc hits you with a +0 war axe.
You barely miss the orc.
The orc is severely wounded.
The orc hits you with a +0 war axe!
* * * LOW HITPOINT WARNING * * *
You barely miss the orc.
The orc is severely wounded.
The orc hits you with a +0 war axe!
You die...

..†.....P.P.#...####
...[....._....#...#
...###..P.P..####.#
....###......# #.#
..#..##.#.#..# #.#
......#.#.##.# #.#
##.<..#.#.##.# #.#
........##.####.#
####..#.....)o@R#
#......#.#####
#.#....#.##
#.........#
#.....o.......#
#.........###.#
#.#..##r##. ..#.o ..
.. #. ... ..


You could see the friendly Appius the ancestor and an orc.

Vanquished Creatures
  2 orc priests (D:3)
  2 gnolls
  2 adders
  A worm (D:2)
  4 dart slugs
  3 leopard geckos
  2 orcs (D:2)
  3 bats
  6 giant cockroaches
  7 goblins
  10 hobgoblins
  3 jackals
  A quokka (D:2)
  2 ball pythons (D:1)
  4 frilled lizards
  9 kobolds
  13 rats
74 creatures vanquished.

Vanquished Creatures (collateral kills)
  An orc wizard (D:3)
  An adder (D:3)
  A worm (D:3)
  3 orcs
  A hobgoblin (D:3)
  3 frilled lizards
  A kobold (D:2)
  A rat (D:2)
12 creatures vanquished.

Vanquished Creatures (others)
  2 ancestors
2 creatures vanquished.

Grand Total: 88 creatures vanquished

Notes
Turn   | Place    | Note
-------+----------+-------------------------------------------
     0 | D:1      | Jumperg the Centaur Arcane Marksman began the quest for the
                  | Orb.
     0 | D:1      | Reached XP level 1. HP: 16/16 MP: 2/2
   171 | D:1      | Reached skill level 3 in Bows
   179 | D:1      | Reached XP level 2. HP: 12/23 MP: 3/3
   807 | D:1      | Reached XP level 3. HP: 17/28 MP: 3/5
  1760 | D:2      | Reached skill level 4 in Bows
  1789 | D:2      | Found a hazy altar of Hepliaklqana.
  1797 | D:2      | Became a worshipper of Hepliaklqana the Forgotten
  1841 | D:2      | Reached XP level 4. HP: 31/31 MP: 6/6
  2288 | D:2      | Found a stormy altar of Qazlal.
  2938 | D:3      | Found a snail-covered altar of Cheibriados.
  2960 | D:3      | Found a white marble altar of Elyvilon.
  3043 | D:3      | Reached XP level 5. HP: 36/36 MP: 8/8
  3357 | D:3      | Reached skill level 5 in Bows
  3362 | D:3      | Learned a level 2 spell: Slow
  3391 | D:3      | Found a basalt altar of Yredelemnul.
  3511 | D:3      | Slain by an orc

Levels and vault maps discovered:
D:1:      grunt_arrival_crossed_arrows, layout_loops_corners,
          minmay_pentomino_r2
D:2:      kennysheep_big_flooded_room, layout_basic, marbit_many_paths,
          lemuel_crystal_altar, first_ration, cheibrodos_gnoll_hut
D:3:      layout_rooms, lemuel_doored_altar, lemuel_crystal_altar,
          lemuel_crystal_altar, yredelemnul_altar_generic

Skill      XL: |  1  2  3  4  5 |
---------------+----------------+-----
Bows           | 3 4 5 |  5.1
Hexes          | 3 4 |  4.1
Spellcasting   | 2 |  2.5
Fighting       | |  1.0
Dodging        | |  1.3

Action                   |  1- 3 |  4- 6 || total
-------------------------+-------+-------++-------
Melee: Club              |    38 |       ||    38
       Kick              |    17 |    12 ||    29
       Unarmed           |     2 |       ||     2
       Flail             |    57 |    81 ||   138
 Fire: Shortbow          |    31 |    21 ||    52
Throw: Stone             |     6 |    15 ||    21
 Cast: Corona            |     8 |    10 ||    18
Invok: Recall Ancestor   |       |     1 ||     1
 Stab: Distracted        |       |     1 ||     1
  Eat: Chunk             |     2 |     4 ||     6
Armor: Robe              |    36 |    38 ||    74
Dodge: Dodged            |    49 |    43 ||    92
